 Dungeon Crawl Stone Soup version 0.28-a0-313-gbc0475efdd (webtiles) character file.

Game seed: 16042070251370344912

84 jdzakarian the Skirmisher (level 4, -4/40 HPs)
             Began as a Hill Orc Fighter on Sept 1, 2021.
             Was a Follower of Sif Muna.
             Slain by an orc (6 damage)
             ... on level 3 of the Dungeon.
             The game lasted 00:06:49 (2270 turns).

jdzakarian the Skirmisher (Hill Orc Fighter)        Turns: 2270, Time: 00:06:49

Health: -4/40      AC:  7    Str: 18    XL:     4   Next: 45%
Magic:  4/4        EV:  7    Int:  8    God:    Sif Muna [*.....]
Gold:   48         SH:  8    Dex: 11    Spells: 3/3 levels left

rFire   . . .      SeeInvis +   e - +2 whip (drain)
rCold   . . .      Faith    .   c - +0 kite shield
rNeg    . . .      Spirit   .   b - +0 scale mail
rPois   .          Reflect  .   (no helmet)
rElec   .          Harm     .   (no cloak)
rCorr   +          Rampage  .   (no gloves)
Will    .....                   (no boots)
Stlth   ..........              (no amulet)
HPRegen 0.13/turn               g - ring of see invisible
MPRegen 0.09/turn               f - ring of resist corrosion

@: no status effects
A: no striking features
a: Renounce Religion, Convert to Beogh, Channel Magic


You were on level 3 of the Dungeon.
You worshipped Sif Muna.
Sif Muna was aware of your devotion.
You visited 1 branch of the dungeon, and saw 3 of its levels.

You collected 48 gold pieces.

Inventory:

Hand Weapons
 a - a +0 war axe
 e - a +2 whip of draining (weapon)
Armour
 b - a +0 scale mail (worn)
 c - a +0 kite shield (worn)
Jewellery
 f - a ring of resist corrosion (right hand)
 g - a ring of see invisible (left hand)
Scrolls
 h - a scroll of blinking {unknown}
Potions
 d - a potion of might
 i - a potion of heal wounds
 j - a potion of attraction {unknown}
 k - a potion of degeneration {unknown}
 l - a potion of curing {unknown}


   Skills:
 + Level 4.0 Fighting
 + Level 3.7(3.8) Axes
 + Level 0.9(2.1) Maces & Flails
 + Level 3.8 Armour
 + Level 1.1 Dodging
 + Level 3.8 Shields


You had 3 spell levels left.
You didn't know any spells.
Your spell library contained the following spells:

 Spells                   Type           Power      Damage    Failure   Level
 Foxfire                  Conj/Fire      0%         2x1d4     99%         1
 Conjure Flame            Conj/Fire      0%         6-21      100%        3
 Inner Flame              Hex/Fire       0%         N/A       100%        3


Dungeon Overview and Level Annotations

Branches:
Dungeon (3/15)

Altars:
Sif Muna


Message History

The orc is heavily wounded.
You block the orc's attack.
You barely miss the orc.
The orc is heavily wounded.
You block the orc's attack. The orc closely misses you.
You barely miss the orc.
The orc is heavily wounded.
The orc priest calls down the wrath of Beogh upon you.
Beogh smites you! The orc hits you but does no damage.
You hit the orc. You drain the orc.
You kill the orc!
Sif Muna accepts your kill.
You closely miss the orc. You block the orc's attack.
The orc priest mumbles some strange prayers to Beogh against you.
Beogh smites you!
The orc priest shouts, "Join the one true god or die!"
You hit the orc.
The orc is almost dead.
The orc hits you but does no damage. x2
You barely miss the orc.
The orc is almost dead.
The orc barely misses you.
You barely miss the orc.
The orc is almost dead.
The orc hits you with a +0 short sword.
* * * LOW HITPOINT WARNING * * *
You hit the orc.
You kill the orc!
Sif Muna accepts your kill.
The orc priest looks satisfied for a moment.
You completely miss the orc. You block the orc's attack.
You hit the orc. You drain the orc.
You kill the orc!
Sif Muna accepts your kill.
You barely miss the orc. The orc hits you with a +0 mace.
* * * LOW HITPOINT WARNING * * *
The orc hits you with a +0 mace.
* * * LOW HITPOINT WARNING * * *
You completely miss the orc. The orc hits you with a +0 mace.
You die...

#.##.#.....# #.#.#.........#
#.##.##########.#.#########.#
#. #.# #.....#.#.# ### ..#
#.###.#.#.# ### #.#<..#.#.#
#.#####.#.# #.......#.#
#.#########.# #.....ooo@..#
........####### ........#
........# ###.....# #####.#
#.# #.#


You could see an orc priest and 2 orcs.

Vanquished Creatures
  2 adders
  A worm (D:2)
  A dart slug (D:2)
  4 orcs (D:3)
  4 endoplasms
  A giant cockroach (D:1)
  2 goblins
  11 hobgoblins
  3 jackals (D:1)
  2 quokkas
  4 ball pythons
  6 bats
  2 frilled lizards (D:1)
  4 kobolds (D:1)
  3 rats
50 creatures vanquished.

Notes
Turn   | Place    | Note
-------+----------+-------------------------------------------
     0 | D:1      | jdzakarian the Hill Orc Fighter began the quest for the
                  | Orb.
     0 | D:1      | Reached XP level 1. HP: 19/19 MP: 1/1
   342 | D:1      | Reached XP level 2. HP: 27/27 MP: 2/2
   519 | D:1      | Reached skill level 4 in Fighting
   711 | D:1      | Reached XP level 3. HP: 27/31 MP: 3/3
  1177 | D:2      | Found a faded altar of an unknown god.
  1181 | D:2      | Became a worshipper of Sif Muna the Loreminder
  1181 | D:2      | Reached * piety under Sif Muna
  1878 | D:2      | Reached XP level 4. HP: 40/40 MP: 4/4
  1914 | D:2      | Reached skill level 1 in Dodging
  2269 | D:3      | HP: 2/40 [orc (6)]
  2270 | D:3      | Slain by an orc

Illustrated notes

Levels and vault maps discovered:
D:1:      dpeg_arrival_fog, layout_rooms, minmay_misc_feat_enclosed
D:2:      layout_basic, basic_ecumenical_altar
D:3:      layout_basic, nemelex_diamond_rough_becter, nrook_campfire

Skill      XL: |  1  2  3  4 |
---------------+-------------+-----
Axes           | 3 |  3.7
Fighting       | 4 |  4.0
Dodging        | 1 |  1.1
Maces & Flails | |  0.9
Armour         | |  3.8
Shields        | |  3.8

Action                   |  1- 3 |  4- 6 || total
-------------------------+-------+-------++-------
Melee: War axe           |    54 |       ||    54
       Whip              |    48 |    35 ||    83
  Use: Scroll            |     4 |       ||     4
Armor: Scale mail        |    60 |    11 ||    71
Dodge: Dodged            |    46 |     9 ||    55
Block: Kite shield       |    65 |    16 ||    81

Table legend: (Time is in decaauts)
 A = Elapsed time spent in this place.
 B = Non-inter-level travel time spent in this place.
 C = Inter-level travel time spent in this place.
 D = Time resting spent in this place.
 E = Time spent auto-exploring this place.
 F = Levels seen in this place.
 G = Mean time per level.
                   A        B        C        D        E       F      G
               +--------+--------+--------+--------+--------+-----+--------+
         Total |   2319 |   2319 |      0 |     63 |   1653 |   3 |  773.0 |
       Dungeon |   2319 |   2319 |      0 |     63 |   1653 |   3 |  773.0 |
               +--------+--------+--------+--------+--------+-----+--------+

Top non-repeatable levels by time:
     D:2: 1089 daAuts
     D:1: 949 daAuts
     D:3: 281 daAuts
